 Dungeon Sprint DCSS version 0.28.0-45-g0d030f2227 (webtiles) character file.

Game seed: 8994428475244645753

18040 Baz the Tortoise (level 12, -11/105 (111) HPs)
             Began as a Formicid Fighter on Apr 5, 2022.
             Was the Champion of Qazlal.
             Mangled by an Executioner (18 damage)
             ... summoned by Cicwiecw
             ... in the Dungeon (Sprint V: "Ziggurat Sprint").
             The game lasted 00:06:39 (1319 turns).

Baz the Tortoise (Formicid Fighter)                 Turns: 1319, Time: 00:06:39

HP:   -11/105 (111) AC: 28    Str: 31    XL:     12   Next: 90%
MP:   9/33          EV:  6    Int:  4    God:    Qazlal [******]
Gold: 0             SH: 32    Dex: 18    Spells: 11/11 levels left

rFire   + . .      SeeInvis +   k - +11 plutonium sword {Contam Stlth-}
rCold   + + .      Faith    .   A - +3 tower shield
rNeg    . . .      Spirit   .   E - +5 gold dragon scales
rPois   +          Reflect  .   (helmet unavailable)
rElec   .          Harm     .   (no cloak)
rCorr   .          Rampage  .   M - +0 pair of gloves {hurl}
Will    +....                   (no boots)
Stlth   ..........              J - amulet "Sagout" {Regen+ Int-5 Dex+8 SInv}
HPRegen 1.07/turn               v - +6 ring of strength
MPRegen 0.23/turn               H - ring "Comoupel" {rPois rC+ MP+9 Slay+3 SInv}

@: studying Armour, drained, repel missiles
A: permanent stasis, dig shafts and tunnels, antennae 3, four strong arms
a: Dig, Renounce Religion, Upheaval, Elemental Force, Disaster Area


You were in the Dungeon.
You worshipped Qazlal.
Qazlal was exalted by your worship.
You visited 1 branch

Inventory:

Hand Weapons
 a - a +0 long sword
 k - the +11 plutonium sword (weapon) {Contam Stlth-}
   (You found it in the Dungeon)

   It occasionally inflicts wild transmutation effects on those it strikes,
   inflicting malmutation or extra damage, or polymorphing them into a new form.
   Contam:    It causes magical contamination when unequipped.
   Stlth:     It makes you less stealthy.
Missiles
 L - a throwing net
Armour
 b - a +0 scale mail
 c - a +0 buckler
 A - a +3 tower shield (worn)
 B - the +15 Maxwell's patent armour {-Cast -Tele rElec Will+ rCorr}
   (You found it in the Dungeon)

   rElec:     It insulates you from electricity.
   -Cast:     It prevents spellcasting.
   -Tele:     It prevents most forms of teleportation.
   rCorr:     It protects you from acid and corrosion.
   Will:      It increases your willpower.
 C - the +18 shield of the Gong {rElec rN+ Will+ EV-5}
   (You found it in the Dungeon)

   It is deafeningly noisy when blocking attacks.
   EV:        It affects your evasion (-5).
   rElec:     It insulates you from electricity.
   rN:        It protects you from negative energy.
   Will:      It increases your willpower.
 D - a +3 kite shield
 E - +5 gold dragon scales (worn)
 M - a +0 pair of gloves of hurling (worn)
Jewellery
 q - a ring of flight
 r - a +6 ring of dexterity
 s - a +6 ring of dexterity
 t - a +6 ring of intelligence
 u - a +6 ring of intelligence
 v - a +6 ring of strength (left hand)
 w - a +6 ring of strength
 F - a ring of poison resistance
 G - the ring of Rukh {*Corrode rN++ Str+2 Int-4 Dex+6}
   (You found it in the Dungeon)

   [ring of dexterity]

   Str:       It affects your strength (+2).
   Int:       It affects your intelligence (-4).
   Dex:       It affects your dexterity (+6).
   rN:        It greatly protects you from negative energy.
   *Corrode:  It may corrode you when you take damage.
 H - the ring "Comoupel" (right hand) {rPois rC+ MP+9 Slay+3 SInv}
   (You found it in the Dungeon)

   [ring of magical power]

   Slay:      It affects your accuracy & damage with ranged weapons and melee
   (+3).
   rC:        It protects you from cold.
   rPois:     It protects you from poison.
   MP:        It affects your magic capacity (+9).
   SInv:      It lets you see invisible.
 J - the amulet "Sagout" (around neck) {Regen+ Int-5 Dex+8 SInv}
   (You found it in the Dungeon)

   [amulet of regeneration]

   Int:       It affects your intelligence (-5).
   Dex:       It affects your dexterity (+8).
   SInv:      It lets you see invisible.
   Regen:     It increases your rate of health regeneration.
 K - the ring of Kapnuus {Wiz rN+}
   (You found it in the Dungeon)

   [ring of wizardry]

   It improves your spell success rate.
   rN:        It protects you from negative energy.
 P - a ring of magical power
Wands
 x - a wand of mindburst (7)
 y - a wand of iceblast (7)
 z - a wand of acid (7)
Scrolls
 l - 4 scrolls of amnesia
 m - 11 scrolls of fog
 n - a scroll of holy word
 o - 5 scrolls of identify
 p - 2 scrolls of fear
Potions
 d - 6 potions of might
 e - 9 potions of curing
 f - 11 potions of heal wounds
 g - 7 potions of magic
 h - 2 potions of brilliance
 i - 2 potions of invisibility
 j - 4 potions of resistance
Miscellaneous
 I - a phantom mirror
 N - a tin of tremorstones (2/2)
 O - a condenser vane
 Q - a phial of floods


   Skills:
 + Level 15.6 Fighting
 + Level 15.9 Long Blades
 + Level 18.1 Armour
 + Level 16.9 Shields
 + Level 16.5 Invocations


You had 11 spell levels left.
You didn't know any spells.
Your spell library contained the following spells:

 Spells                   Type           Power      Damage    Failure   Level
 Foxfire                  Conj/Fire      0%         2x1d4     100%        1
 Pain                     Necr           0%         1d4       100%        1
 Shock                    Conj/Air       0%         1d3       100%        1
 Slow                     Hex            0%         N/A       100%        1
 Corpse Rot               Necr/Air       0%         N/A       100%        2
 Sublimation of Blood     Necr           0%         N/A       100%        2
 Dazzling Flash           Conj/Hex       0%         N/A       100%        3
 Gell's Gravitas          Tloc           0%         N/A       100%        3
 Lesser Beckoning         Tloc           0%         N/A       100%        3
 Mephitic Cloud           Conj/Pois/Air  0%         N/A       100%        3
 Ozocubu's Armour         Ice            0%         N/A       100%        3
 Summon Guardian Golem    Hex/Summ       0%         N/A       100%        3
 Teleport Other           Tloc           0%         N/A       100%        3
 Vampiric Draining        Necr           0%         2d6       100%        3
 Airstrike                Air            0%         N/A       100%        4
 Hailstorm                Conj/Ice       0%         3d3       100%        4
 Summon Lightning Spire   Summ/Air       0%         N/A       100%        4
 Fireball                 Conj/Fire      0%         3d3       100%        5
 Freezing Cloud           Conj/Ice/Air   0%         6-21      100%        5
 Irradiate                Conj/Tmut      0%         3d14      100%        5
 Iskenderun's Battlesphe  Conj           0%         2d6       100%        5
 Manifold Assault         Tloc           0%         N/A       100%        5
 Conjure Ball Lightning   Conj/Air       0%         3x3d6     100%        6
 Dispersal                Tloc           0%         N/A       100%        6
 Eringya's Noxious Bog    Tmut/Pois      0%         N/A       100%        6
 Iron Shot                Conj/Erth      0%         9d1       100%        6
 Simulacrum               Ice/Necr       0%         N/A       100%        6
 Starburst                Conj/Fire      0%         6d3       100%        6
 Statue Form              Tmut/Erth      0%         N/A       100%        6
 Haunt                    Necr/Summ      0%         N/A       100%        7
 Malign Gateway           Summ/Tloc      0%         N/A       100%        7
 Orb of Destruction       Conj           0%         9d5       100%        7
 Storm Form               Tmut/Air       0%         N/A       100%        7
 Summon Horrible Things   Summ           0%         N/A       100%        8
 Death's Door             Necr           0%         N/A       100%        9
 Polar Vortex             Ice            0%         N/A       100%        9
 Blink                    Tloc           Unusable   N/A       N/A         2

Dungeon Overview and Level Annotations

Branches:
Dungeon (1/1)

Altars:
Ashenzari
Cheibriados
Dithmenos
Elyvilon
Fedhas
Gozag
Hepliaklqana
Kikubaaqudgha
Makhleb
Nemelex Xobeh
Okawaru
Qazlal
Ru
Sif Muna
Trog
Uskayaw
Vehumet
Wu Jian
Xom
Yredelemnul
Zin
The Shining One
Beogh
Jiyva
Lugonu


Innate Abilities, Weirdness & Mutations

You cannot be hasted, slowed, berserked, paralysed or teleported.
You can dig through walls and to a lower floor.
You have a pair of large antennae on your head. (SInv)
Your four strong arms can wield two-handed weapons with a shield.


Message History

The Tzitzimitl partially resists.
The Tzitzimitl is moderately wounded.
You block the Executioner's attack. x3
Vesigei tramples you but does no damage.
The Executioner hits you. You block the Executioner's attack. x2
Cicwiecw is engulfed in freezing vapours.
Cicwiecw gestures.
Vesigei tramples you!!
You hold your ground!
The Tzitzimitl gestures at you.
The bolt of negative energy hits Vesigei.
Vesigei completely resists.
The bolt of negative energy hits you!!
You feel drained.
* * * LOW HITPOINT WARNING * * *
Unknown command.
Unknown command.
Unknown command.
Unknown command.
Okay, then.
Unknown command.
Activating: Disaster Area (0% risk of failure)
Press: ? - help, Dir - look around, f - activate Nature churns violently around you!
The blast of magma engulfs the reaper!
The reaper is lightly wounded.
The blast of rubble hits Zelaet!!!
You kill Zelaet!
Qazlal accepts your kill.
The blast of rubble hits Vesigei but does no damage.
Vesigei is heavily wounded.
The blast of rubble hits Cicwiecw!!
Cicwiecw is almost dead.
The blast of rubble hits the Tzitzimitl!!
The Tzitzimitl is severely wounded.
The cutting wind hits the Tzitzimitl!!
The Tzitzimitl is almost dead.
The blast of rubble hits Vesigei!!
Vesigei is heavily wounded.
You block the Executioner's attack. x3; You block Cicwiecw's attack.
The Executioner hits you!!
You die...

▓...©....▓.
▓.....≈≈....▓▓▓▓▓▓▓▓▓▓▓
▓≈.....≈....▓...8©8...▓
▓.≈...≈....≈▓..)|)....▓
▓.≈..)§≈§.≈.▓.....|...▓
▓....≈.1§2§.▓.........▓
▓..≈.☼§§§≈§§▓.........▓
▓....≈&&○...▓.........▓
▓...○.@1○...▓.........▓
▓▓▓▓▓▓▓▓▓▓▓▓▓.▓.....▓.▓
▓....8©8....▓....©....▓
▓....)...)..▓▓▓▓▓▓▓▓▓▓▓
▓.....=.....▓...8©8...▓
▓...........▓..}.)|)..▓
▓.....).....▓..(.|}...▓
{{
▓.....).....▓....)....▓
{
▓...........▓.....)...▓


You could see Cicwiecw (frozen), Vesigei, a Tzitzimitl (summoned, frozen), a
reaper (summoned) and an Executioner (summoned).

Vanquished Creatures
  2 pandemonium lords (D)
  A lich (D)
  A tentacled starspawn (D)
  2 ghouls (D)
  A demonspawn blood saint (D)
  A vampire mage (D)
  3 soul eaters (D)
  A skeletal warrior (D)
  A wretched star (D)
  A shadow demon (D)
  A deep elf archer (D)
  3 necromancers (D)
  A deep elf pyromancer (D)
  2 guardian serpents (D)
  A smoke demon (D)
  2 naga magi (D)
  2 black mambas (D)
  A rime drake (D)
  A komodo dragon (D)
  A hellwing (D)
  4 merfolk (D)
  3 wind drakes (D)
  A raiju (D)
  A shadow (D)
  3 yaks (D)
  A chaos spawn (D)
  A steam dragon (D)
  4 nagas (D)
  4 water moccasins (D)
  A swamp drake (D)
  A necrophage (D)
  A wolf (D)
  A centaur (D)
  4 phantoms (D)
  2 wights (D)
  An orc priest (D)
  4 orc wizards (D)
  3 adders (D)
  4 white imps (D)
  A spectral adder (D)
  2 adder skeletons (D)
  2 adder zombies (D)
  3 orcs (D)
  A spectral bat (D)
  2 bat skeletons (D)
  A bat zombie (D)
  A jackal (D)
  2 ball pythons (D)
  2 ball python skeletons (D)
  3 ball python zombies (D)
  A jackal zombie (D)
94 creatures vanquished.

Vanquished Creatures (others)
  A hellion (D)
  A red devil (D)
  A hellwing (D)
  A chaos spawn (D)
4 creatures vanquished.

Grand Total: 98 creatures vanquished

Notes
Turn   | Place    | Note
-------+----------+-------------------------------------------
     0 | D        | Baz the Formicid Fighter began the quest for the Orb.
     0 | D        | Reached XP level 1. HP: 18/18 MP: 1/1
     0 | D        | Found a shimmering blue altar of Sif Muna.
     0 | D        | Found a sacrificial altar of Ru.
     0 | D        | Found a bloodstained altar of Trog.
     0 | D        | Found a stormy altar of Qazlal.
     0 | D        | Found an iron altar of Okawaru.
     0 | D        | Found a sparkling altar of Nemelex Xobeh.
     0 | D        | Found a blossoming altar of Fedhas.
     0 | D        | Found the +6 Majin-Bo {vamp, MP+6 Int+6}
     0 | D        | Found the +9 heavy crossbow "Sniper" {vorpal, Acc+∞ SInv}
     0 | D        | Found the +10 dark maul {vorpal}
     0 | D        | Found the +15 Maxwell's patent armour {-Cast -Tele rElec
                  | Will+ rCorr}
     0 | D        | Found the +18 shield of the Gong {rElec rN+ Will+ EV-5}
     0 | D        | Found the +14 obsidian axe {vorpal, Mesm Drain Fly SInv}
     0 | D        | Found the +7 great mace "Firestarter" {inner flame, rF++}
     0 | D        | Found the +6 shillelagh "Devastator" {shatter}
     0 | D        | Found the +11 plutonium sword {Contam Stlth-}
     0 | D        | Found the +8 lance "Wyrmbane" {slay drac, rPois rF+ rC+
                  | AC+3}
     0 | D        | Found the +9 sword of Zonguldrok {reap}
     0 | D        | Found the +13 scythe of Curses {drain, Drain}
     0 | D        | Found the +5 sword of Power {vorpal}
     0 | D        | Found the +7 mace of Variability {chain chaos}
     0 | D        | Found the +7 Singing Sword {vorpal, sonic wave}
     0 | D        | Found the +8 storm bow {elec, penet}
     2 | D        | Found a transporter.
     2 | D        | Found an ancient bone altar of Kikubaaqudgha.
     2 | D        | Found a viscous altar of Jiyva.
     2 | D        | Found a corrupted altar of Lugonu.
     2 | D        | Found a hazy altar of Hepliaklqana.
     2 | D        | Found a burning altar of Makhleb.
     2 | D        | Found an opulent altar of Gozag.
    21 | D        | Reached XP level 2. HP: 24/24 MP: 2/2
    97 | D        | Became a worshipper of Qazlal Stormbringer
   142 | D        | Entered arena 2.
   142 | D        | Noticed a deep elf pyromancer
   142 | D        | Noticed a deep elf archer
   142 | D        | Found a transporter.
   146 | D        | Noticed a fire elemental
   146 | D        | Noticed a fire elemental
   149 | D        | Killed a deep elf pyromancer
   150 | D        | Reached skill level 7 in Armour
   150 | D        | Reached XP level 3. HP: 16/36 MP: 2/7
   150 | D        | Reached XP level 4. HP: 19/43 MP: 2/8
   150 | D        | Reached XP level 5. HP: 21/48 MP: 2/9
   150 | D        | Reached XP level 6. HP: 24/55 MP: 2/10
   150 | D        | Reached XP level 7. HP: 26/60 MP: 2/11
   155 | D        | HP: 1/60 [deep elf archer/+2 dagger of venom (12)]
   158 | D        | Killed a deep elf archer
   159 | D        | Reached skill level 10 in Long Blades
   159 | D        | Reached skill level 8 in Armour
   159 | D        | Reached XP level 8. HP: 35/69 MP: 3/14
   332 | D        | Entered arena 3.
   332 | D        | Noticed a rime drake
   332 | D        | Found a transporter.
   337 | D        | Killed a rime drake
   337 | D        | Reached * piety under Qazlal
   342 | D        | Reached skill level 9 in Armour
   464 | D        | Entered arena 4.
   464 | D        | Found a transporter.
   468 | D        | Reached ** piety under Qazlal
   472 | D        | Reached skill level 10 in Shields
   477 | D        | Got the ring of Rukh {*Corrode rN++ Str+2 Int-4 Dex+6}
   481 | D        | Got the Volume of Malediction and Attacks
   483 | D        | Entered arena 5.
   483 | D        | Found a transporter.
   486 | D        | Reached *** piety under Qazlal
   490 | D        | Reached XP level 9. HP: 76/76 MP: 14/16
   506 | D        | Entered arena 6.
   506 | D        | Found a transporter.
   510 | D        | Reached **** piety under Qazlal
   588 | D        | Got the ring "Comoupel" {rPois rC+ MP+9 Slay+3 SInv}
   639 | D        | Entered arena 7.
   639 | D        | Noticed a komodo dragon
   640 | D        | Found a transporter.
   643 | D        | Reached skill level 10 in Invocations
   645 | D        | Killed a komodo dragon
   645 | D        | Reached ***** piety under Qazlal
   646 | D        | Reached skill level 10 in Fighting
   646 | D        | Reached skill level 10 in Armour
   728 | D        | Entered arena 8.
   729 | D        | Found a transporter.
   736 | D        | Reached ****** piety under Qazlal
   847 | D        | Entered arena 9.
   847 | D        | Noticed a raiju
   847 | D        | Noticed a tentacled starspawn
   847 | D        | Noticed a wretched star
   848 | D        | Killed a raiju
   851 | D        | Killed a tentacled starspawn
   852 | D        | Reached skill level 11 in Armour
   852 | D        | Reached XP level 10. HP: 88/88 MP: 13/18
   852 | D        | Found a transporter.
   853 | D        | Killed a wretched star
   860 | D        | Got the amulet "Sagout" {Regen+ Int-5 Dex+8 SInv}
   867 | D        | Got the ring of Kapnuus {Wiz rN+}
   870 | D        | Got the Tome of Pathos
   920 | D        | Entered arena 10.
   924 | D        | Reached skill level 12 in Armour
   924 | D        | Found a transporter.
   931 | D        | Reached XP level 11. HP: 32/96 MP: 20/20
  1005 | D        | Entered arena 11.
  1006 | D        | Found a transporter.
  1044 | D        | Got Hurhilel's Reference Book on Evil and Arcane Weapons
  1061 | D        | Entered arena 12.
  1065 | D        | Reached skill level 13 in Armour
  1072 | D        | Reached skill level 14 in Armour
  1074 | D        | Found a transporter.
  1080 | D        | Got Vufy's Further Progress in Secret Knowledge
  1084 | D        | Got the Incunabulum of Cold and Displacement
  1119 | D        | Entered arena 13.
  1119 | D        | Noticed a soul eater
  1119 | D        | Noticed a ghoul
  1119 | D        | Noticed a soul eater
  1119 | D        | Noticed a ghoul
  1119 | D        | Noticed a soul eater
  1122 | D        | Killed a soul eater
  1123 | D        | Killed a soul eater
  1125 | D        | Killed a ghoul
  1126 | D        | Reached skill level 15 in Armour
  1126 | D        | Reached skill level 15 in Shields
  1127 | D        | Killed a ghoul
  1128 | D        | Reached skill level 15 in Invocations
  1128 | D        | Reached XP level 12. HP: 75/107 MP: 13/23
  1130 | D        | Killed a soul eater
  1131 | D        | Found the +7 Spriggan's Knife {stab, EV+4 Stlth+}
  1132 | D        | Found a transporter.
  1139 | D        | Got the amulet of Orchigi {Acrobat -Tele rPois SInv}
  1144 | D        | Got the Volume of Scorching Companions
  1214 | D        | Entered arena 14.
  1215 | D        | Noticed a skeletal warrior
  1215 | D        | Noticed a lich
  1215 | D        | Noticed a vampire mage
  1222 | D        | Reached skill level 15 in Long Blades
  1222 | D        | Reached skill level 16 in Armour
  1224 | D        | Noticed a jiangshi
  1224 | D        | Killed a lich
  1225 | D        | Reached skill level 15 in Fighting
  1225 | D        | Reached skill level 17 in Armour
  1228 | D        | Killed a skeletal warrior
  1232 | D        | Killed a vampire mage
  1238 | D        | Found a transporter.
  1246 | D        | Got Sif Muna's Collected Works on Cloudy Transmutation
  1254 | D        | Got the Papyrus of Hurtful Evil
  1311 | D        | Entered arena 15.
  1311 | D        | Noticed Vesigei the pandemonium lord
  1311 | D        | Noticed a shadow demon
  1312 | D        | Noticed Zelaet the pandemonium lord
  1313 | D        | Noticed Cicwiecw the pandemonium lord
  1313 | D        | Noticed Ukolluhe the pandemonium lord
  1313 | D        | Noticed a demonspawn blood saint
  1316 | D        | Killed a shadow demon
  1316 | D        | Killed Ukolluhe the pandemonium lord
  1316 | D        | Killed a demonspawn blood saint
  1317 | D        | Reached skill level 18 in Armour
  1317 | D        | Noticed an Executioner
  1318 | D        | Noticed a Tzitzimitl
  1319 | D        | Noticed a reaper
  1319 | D        | Killed Zelaet the pandemonium lord
  1319 | D        | Mangled by an Executioner

Illustrated notes

Levels and vault maps discovered:
D:        sprint_v [room_start, room_1, room_2, room_3, room_4, room_5, room_6,
          room_7, room_8, room_9, room_10, room_11, room_12, room_13, room_14,
          room_15, room_16, room_17, room_18, room_19, room_20, room_21,
          room_22, room_23, room_24, room_25, room_26, room_27]

Skill      XL: |  1  2  3  4  5  6  7  8  9 10 11 12 |
---------------+-------------------------------------+-----
Long Blades    | 7 9 10 11 12 13 14 15 | 15.9
Fighting       | 7 8 9 11 12 14 15 | 15.6
Armour         | 7 8 9 11 12 15 18 | 18.1
Shields        | 7 9 10 12 13 15 16 | 16.9
Invocations    | 6 8 9 11 12 15 16 | 16.5

Action                   |  1- 3 |  4- 6 |  7- 9 | 10-12 || total
-------------------------+-------+-------+-------+-------++-------
Melee: Triple sword      |     3 |       |    55 |    46 ||   104
Invok: Upheaval          |       |       |     4 |    19 ||    23
       Disaster Area     |       |       |       |     3 ||     3
  Use: Potion            |     4 |       |     1 |     1 ||     6
Armor: Gold dragon scale |     7 |       |    31 |    39 ||    77
Dodge: Dodged            |       |       |    13 |    12 ||    25
Block: Kite shield       |     7 |       |    72 |    19 ||    98
       Tower shield      |       |       |       |    82 ||    82
